 Dungeon Crawl Stone Soup version 0.26-a0-852-g6321bf7485 (webtiles) character file.

Game seed: 10703694665153660981

106 mhtbhm the Shield-Bearer (level 4, -3/29 HPs)
             Began as a Gargoyle Fighter on Nov 21, 2020.
             Slain by Sigmund
             ... wielding a +0 scythe
              (5 damage)
             ... on level 2 of the Dungeon.
             The game lasted 00:01:43 (1367 turns).

mhtbhm the Shield-Bearer (Gargoyle Fighter)         Turns: 1367, Time: 00:01:44

Health: -3/29      AC: 10    Str: 20    XL:     4   Next: 84%
Magic:  4/4        EV:  8    Int:  9    God:
Gold:   131        SH:  0    Dex:  9    Spells: 3/3 levels left

rFire    . . .     SeeInvis .   a - +0 flail
rCold    . . .     Faith    .   c - +0 kite shield
rNeg     + . .     Spirit   .   b - +0 scale mail
rPois    ∞         Reflect  .   (no helmet)
rElec    +         Harm     .   (no cloak)
rCorr    .         Rampage  .   (no gloves)
MR       .....                  (no boots)
Stlth    ..........             (no amulet)
HPRegen  0.09/turn              (no ring)
MPRegen  0.09/turn              (no ring)

@: confused
A: negative energy resistance 1, electricity resistance, unbreathing,
petrification resistance, rot immunity, AC +3
a: no special abilities


You were on level 2 of the Dungeon.
You visited 1 branch of the dungeon, and saw 2 of its levels.

You collected 131 gold pieces.

Inventory:

Hand Weapons
 a - a +0 flail (weapon)
Armour
 b - a +0 scale mail (worn)
 c - a +0 kite shield (worn)
Scrolls
 g - 2 scrolls of teleportation {unknown}
 h - 4 scrolls of identify {unknown}
Potions
 d - a potion of lignification {unknown}
 i - a potion of invisibility {unknown}


   Skills:
 + Level 3.8 Fighting
 + Level 3.2 Maces & Flails
 + Level 3.7 Armour
 + Level 1.2 Dodging
 + Level 3.9 Shields


You had 3 spell levels left.
You didn't know any spells.
Your spell library was empty.

Dungeon Overview and Level Annotations

Branches:
Dungeon (2/15)

Altars:
Qazlal

Annotations:
D:2 Sigmund


Innate Abilities, Weirdness & Mutations

You are resistant to torment.
Your stone body is resilient. (AC +3)
You are immune to poison.
You resist negative energy. (rN+)
You are resistant to electric shocks. (rElec)
You can survive without breathing.
You are immune to petrification.
You are immune to rotting.


Message History

No target in view!
No target in view!
You barely miss something. Something hits you but does no damage.
You barely miss something. Something hits you!
You closely miss something.
You hear some strange, mumbled words.
You are confused.
You're too confused to move!
Something hits you!
* * * LOW HITPOINT WARNING * * *
You miss something.
You hear some strange, mumbled words.
A magic dart appears from out of thin air!
The magic dart hits you but does no damage.
You bump into the rock wall.
You hear some strange, mumbled words.
A magic dart appears from out of thin air!
The magic dart hits you.
* * * LOW HITPOINT WARNING * * *
You completely miss something. Something hits you.
You die...

................
....................# #
....................#.#
....................#.##
.......................#
#......................#
#.......................
#........#.......{......
.>........(..###@.......
.#.#####........).....#.
...# #####............
(### #.............##
..## .......#.........
................#...#.##
##.##.###.##..#.........
# ... ... #.##.........
....## ## ..##........


There were no monsters in sight!

Vanquished Creatures
  3 gnolls (D:2)
  2 adders (D:2)
  An ooze (D:2)
  2 worms (D:2)
  A leopard gecko (D:1)
  2 giant cockroaches (D:2)
  10 goblins
  5 hobgoblins
  A quokka (D:2)
  8 bats
  2 frilled lizards
  4 kobolds
  6 rats
47 creatures vanquished.

Notes
Turn   | Place    | Note
-------+----------+-------------------------------------------
     0 | D:1      | mhtbhm the Gargoyle Fighter began the quest for the Orb.
     0 | D:1      | Reached XP level 1. HP: 14/14 MP: 1/1
   131 | D:1      | Reached XP level 2. HP: 17/19 MP: 2/2
   818 | D:2      | Found a stormy altar of Qazlal.
   824 | D:2      | Reached XP level 3. HP: 22/24 MP: 3/3
   837 | D:2      | Reached XP level 4. HP: 10/29 MP: 4/4
   839 | D:2      | Reached skill level 1 in Dodging
  1349 | D:2      | Noticed Sigmund
  1367 | D:2      | Slain by Sigmund

Illustrated notes

Levels and vault maps discovered:
D:1:      shiori_shiawase, layout_rooms, hangedman_abyss_or_decor_stabs,
          serial_park_tiny_pond
D:2:      layout_rooms, old_standard_altar, cheibriados_altar_1, uniq_sigmund

Skill      XL: |  1  2  3  4 |
---------------+-------------+-----
Dodging        | 1 |  1.2
Maces & Flails | 3 |  3.2
Fighting       | |  3.8
Armour         | |  3.7
Shields        | |  3.9

Action                   |  1- 3 |  4- 6 || total
-------------------------+-------+-------++-------
Melee: Flail             |    97 |    86 ||   183
  Use: Potion            |     1 |     3 ||     4
Armor: Scale mail        |    78 |    66 ||   144
Dodge: Dodged            |    47 |    54 ||   101
Block: Kite shield       |    75 |    64 ||   139

Table legend: (Time is in decaauts)
 A = Elapsed time spent in this place.
 B = Non-inter-level travel time spent in this place.
 C = Inter-level travel time spent in this place.
 D = Time resting spent in this place.
 E = Time spent auto-exploring this place.
 F = Levels seen in this place.
 G = Mean time per level.
                   A        B        C        D        E       F      G
               +--------+--------+--------+--------+--------+-----+--------+
         Total |   1432 |   1432 |      0 |    388 |    624 |   2 |  716.0 |
       Dungeon |   1432 |   1432 |      0 |    388 |    624 |   2 |  716.0 |
               +--------+--------+--------+--------+--------+-----+--------+

Top non-repeatable levels by time:
     D:1: 1066 daAuts
     D:2: 366 daAuts
